 Dungeon Crawl Stone Soup version 0.20-a0-641-g673355a (webtiles) character file.

219 Kokiki the Grave Robber (level 5, -3/35 HPs)
             Began as a Mummy Necromancer on Feb 13, 2017.
             Was an Initiate of Makhleb.
             Slain by Menkaure (17 damage)
             ... on level 4 of the Dungeon.
             The game lasted 00:11:34 (2502 turns).

Kokiki the Grave Robber (Mummy Necromancer)         Turns: 2502, Time: 00:11:34

Health: -3/35      AC:  5    Str: 11    XL:     5   Next: 64%
Magic:  5/11       EV: 11    Int: 16    God:    Makhleb [......]
Gold:   155        SH:  0    Dex: 12    Spells: 3/12 levels left

rFire    x . .     SeeInvis .   i - +3 dagger (venom)
rCold    + + .     Gourm    .   f - +2 leather armour {MR+}
rNeg     + + +     Faith    .   (no shield)
rPois    ∞         Spirit   .   (no helmet)
rElec    .         Reflect  .   (no cloak)
rCorr    .         Harm     .   (no gloves)
MR       +....                  (no boots)
Stlth    ++........             (no amulet)
Regen    0.2/turn               (no ring)
MPRegen  0.2/turn               k - ring of protection from cold

@: very slightly contaminated
A: no food or potions, fire vulnerability, cold resistance 1, negative energy
resistance 3, torment resistance, unbreathing
a: Renounce Religion


You were on level 4 of the Dungeon.
You worshipped Makhleb.
Makhleb was noncommittal.
You were not hungry.

You visited 1 branch of the dungeon, and saw 4 of its levels.

You collected 155 gold pieces.

Inventory:

Hand Weapons
 i - a +3 dagger of venom (weapon)
 l - a cursed -1 hand axe
Missiles
 d - 7 tomahawks (quivered)
 e - 8 needles of confusion
 g - 12 poisoned needles
Armour
 f - a +2 leather armour of magic resistance (worn)
 h - a +1 robe
Jewellery
 k - a ring of protection from cold (left hand)
Wands
 j - a wand of polymorph (19/24)
Scrolls
 a - a scroll of enchant weapon
Books
 b - a book of Necromancy

   Spells                             Type                      Level
   a - Pain                           Necromancy                   1
   b - Animate Skeleton               Necromancy                   1
   c - Vampiric Draining              Necromancy                   3
   d - Regeneration                   Charms/Necromancy            3
   e - Animate Dead                   Necromancy                   4
   f - Control Undead                 Necromancy                   4


   Skills:
 + Level 0.2 Fighting
 + Level 0.8 Short Blades
 + Level 0.2 Throwing
 + Level 1.7 Dodging
 + Level 1.9 Stealth
 + Level 4.3 Spellcasting
 * Level 5.8 Necromancy


You had 3 spell levels left.
You knew the following spells:

 Your Spells              Type           Power        Failure   Level  Hunger
a - Pain                  Necr           ###.         1%          1    N/A
b - Animate Skeleton      Necr           N/A          1%          1    N/A
c - Vampiric Draining     Necr           ###.......   10%         3    N/A
d - Animate Dead          Necr           N/A          24%         4    N/A

Dungeon Overview and Level Annotations

Branches:
Dungeon (4/15)
 Temple: D:4-7

Altars:
Gozag
Makhleb
Ru

Shops:
D:4 }

Annotations:
D:4 Menkaure


Innate Abilities, Weirdness & Mutations

You do not eat or drink.
Your flesh is vulnerable to fire.
You are immune to poison.
Your flesh is cold resistant. (rC+)
You are immune to negative energy. (rN+++)
You are immune to unholy pain and torment.
You can survive without breathing.


Message History

Confirm with . or Enter, or press ? or * to list all spells.
You miscast Animate Dead.
You are very lightly contaminated with residual magic.
Your bones ache.
You barely miss Menkaure. Menkaure barely misses you.
You barely miss Menkaure. Menkaure barely misses you.
You hit Menkaure.
Menkaure is lightly damaged.
Menkaure hits you!!
Ouch! That really hurt!
Okay, then.
Okay, then.
Evoke which item? (* to show all) (? for menu, Esc to quit)
Aiming: Polymorph (will waste charges)
Press: ? - help, Shift-Dir - straight line, f - Menkaure
Aim: Menkaure (lightly damaged, fast, chance to defeat MR: 46%) Menkaure is unaffected.
Evoking this partially-identified wand wasted a few charges.
Menkaure barely misses you. Menkaure hits you!
You die...

......###.#.#. ........#.#.#.
......#.....#. ..............
.####..###... #..'∩#..#
#..###...
Z#####################...(..##
.ZO......ZOoM@................
.#############################
######## #......# #......#
#......# #......#


You could see an ogre, Menkaure, an orc and a ball python skeleton.

Vanquished Creatures
  A hound (D:2)
  Terence (D:2)
  An orc wizard (D:4)
  2 gnolls (D:3)
  2 adders
  2 worms
  5 dart slugs
  4 leopard geckos
  2 orcs
  A giant cockroach (D:2)
  11 goblins
  6 hobgoblins
  7 jackals (D:2)
  2 quokkas
  5 bats
  3 frilled lizards (D:1)
  3 kobolds
  10 rats
68 creatures vanquished.

Vanquished Creatures (collateral kills)
  An adder (D:2)
  A gnoll (D:3)
  A goblin (D:1)
3 creatures vanquished.

Grand Total: 71 creatures vanquished

Notes
Turn   | Place    | Note
-------+----------+-------------------------------------------
     0 | D:1      | Kokiki the Mummy Necromancer began the quest for the Orb.
     0 | D:1      | Reached XP level 1. HP: 13/13 MP: 4/4
   152 | D:1      | Learned a level 1 spell: Animate Skeleton
   186 | D:1      | Reached XP level 2. HP: 16/19 MP: 3/5
   628 | D:1      | Reached XP level 3. HP: 12/24 MP: 0/7
   633 | D:1      | Learned a level 3 spell: Vampiric Draining
  1032 | D:2      | Found an opulent altar of Gozag.
  1078 | D:2      | Reached skill level 5 in Necromancy
  1309 | D:2      | Noticed Terence
  1320 | D:2      | Killed Terence
  1320 | D:2      | Reached XP level 4. HP: 30/30 MP: 0/9
  1350 | D:2      | Found a burning altar of Makhleb.
  1357 | D:2      | Became a worshipper of Makhleb the Destroyer
  1692 | D:2      | Learned a level 4 spell: Animate Dead
  1694 | D:3      | Found a sacrificial altar of Ru.
  1827 | D:3      | Reached XP level 5. HP: 31/35 MP: 7/11
  2456 | D:4      | Found Homuk's Gadget Boutique.
  2478 | D:4      | Noticed Menkaure
  2486 | D:4      | Noticed an ogre
  2502 | D:4      | Slain by Menkaure

Vault maps used:
D:1:      lightli_molten_gateway, minivault_27
D:2:      nicolae_gozag_seed_capital, makhleb_blood_cavern_becter, uniq_terence
D:3:      nicolae_ru_sacrificial_ziggurat
D:4:      temple_green, serial_shops, kennysheep_mini_moat, uniq_menkaure

Skill      XL: |  1  2  3  4 |
---------------+-------------+-----
Spellcasting   | 3 4 |  4.3
Necromancy     | 5 |  5.8
Fighting       | |  0.2
Short Blades   | |  0.8
Throwing       | |  0.2
Dodging        | |  1.7
Stealth        | |  1.9

Action                   |  1- 3 |  4- 6 || total
-------------------------+-------+-------++-------
Melee: Dagger            |    28 |    23 ||    51
Throw: Tomahawk          |     5 |     3 ||     8
 Cast: Pain              |    67 |    46 ||   113
       Animate Skeleton  |    14 |     1 ||    15
       Animate Dead      |       |     6 ||     6
Evoke: Wand              |       |     1 ||     1
  Use: Scroll            |     5 |     4 ||     9
 Stab: Sleeping          |     1 |     1 ||     2
Armor: Robe              |     5 |     1 ||     6
       Leather armour    |     3 |       ||     3
Dodge: Dodged            |    22 |    21 ||    43
